AoeStats
← kiwiPusher

Hideout

510127329Analyzed
1v1 RM · 4d ago on Sep 29, 2026· 27m 36s· 2 players
Game mode
Random Map
Map size
Tiny (2 player)
Population
200
Speed
Normal
Resources
Standard
Victory
Conquest
Starting age
Dark Age
Ending age
Imperial Age
RankedLock teamsTeams togetherTeam positionsShared explorationLock speedFull tech treeHidden civsTurbo modeCheats
Victory
Defeat
🇷🇴 Celts · Romania
810
+16
🇺🇸 Turks · United States
807
-16
truffle shuffle
9:59 Feudal Age
11:11 Double-Bit Axe
11:07 Horse Collar
24:01 Castle Age
22:32 Stone Mining
22:34 Gold Mining
24:31 Wheelbarrow
kiwiPusher
10:28 Feudal Age
8:43 Loom
11:41 Double-Bit Axe
12:13 Man-at-Arms
17:17 Arson
21:37 Castle Age
21:56 Forging
21:47 Scale Mail Armor
22:12 Long Swordsman
24:11 Chain Mail Armor
25:30 Pikeman
25:58 Gambesons
Connection lost

Rejoining the realm…

Still unreachable

The connection could not be restored.

Session expired

The server has moved on; the page needs a fresh start.